AoeStats
← K

Nomad

510531113Analyzed
4v4 RM · 2d ago on Oct 1, 2026· 42m 47s· 8 players
Game mode
Random Map
Map size
231×231
Population
200
Speed
Normal
Resources
Standard
Victory
Conquest
Starting age
Dark Age
Ending age
Imperial Age
RankedLock teamsTeams togetherTeam positionsShared explorationLock speedFull tech treeHidden civsTurbo modeCheats
Victory
Defeat
🇬🇧 Danes · United Kingdom
1194
+15
🇲🇽 Spanish · Mexico
1181
+39
🇨🇭 Goths · Switzerland
1168
+16
🇬🇧 Mongols · United Kingdom
1165
+16
🇨🇳 Khitans · China
1286
-21
🇨🇳 Persians · China
1197
-17
🇨🇳 Vikings · China
1087
-12
🇨🇳 Franks · China
1080
-12
零贰cc
15:07 Feudal Age
19:51 Castle Age
21:04 Scale Barding Armor
21:00 Double-Bit Axe
24:09 Man-at-Arms
27:45 Chain Barding Armor
32:29 Forging
35:37 Wheelbarrow
36:20 Husbandry
37:14 Bow Saw
YUZ
9:44 Loom
13:26 Feudal Age
32:29 Castle Age
小猪桑
15:43 Feudal Age
15:05 Loom
15:15 Loom
17:21 Double-Bit Axe
19:36 Gold Mining
19:37 Stone Mining
20:00 Fishing Lines
22:56 Castle Age
22:49 Fletching
23:12 Forging
23:03 Scale Mail Armor
23:47 Town Watch
27:02 Iron Casting
26:33 Gillnets
29:27 Chain Mail Armor
32:32 Ballistics
33:27 Elite Skirmisher
36:24 Padded Archer Armor
36:20 Bodkin Arrow
渡鸦family
13:29 Feudal Age
12:37 Loom
15:19 Forging
17:35 Scale Barding Armor
24:01 Castle Age
22:44 Double-Bit Axe
24:17 Light Cavalry
24:58 Husbandry
25:34 Iron Casting
26:28 Chain Barding Armor
36:12 Town Watch
37:03 Scale Mail Armor
42:44 Chain Mail Armor
笨包特爱玩
3:40 Loom
14:28 Feudal Age
17:57 Castle Age
15:55 Double-Bit Axe
16:40 Fishing Lines
18:55 Bow Saw
18:51 Padded Archer Armor
19:30 Wheelbarrow
19:18 Gold Mining
21:33 Gillnets
21:28 Horse Collar
26:24 Town Watch
27:35 Bloodlines
34:04 Imperial Age
32:31 Hand Cart
33:00 Husbandry
34:06 Leather Archer Armor
34:27 Fletching
34:08 Cavalier
36:49 Two-Man Saw
35:29 Paladin
36:18 Scale Barding Armor
36:23 Forging
38:44 Chain Barding Armor
38:59 Iron Casting
39:02 Heavy Plow
40:02 Plate Barding Armor
42:31 Blast Furnace
Dvu
5:53 Loom
15:44 Feudal Age
18:33 Fishing Lines
20:59 Castle Age
20:40 Double-Bit Axe
20:48 Stone Mining
22:46 Gillnets
25:29 Scale Mail Armor
27:38 Forging
27:44 Chain Mail Armor
27:56 Pikeman
31:17 Iron Casting
Nectarine
4:43 Loom
14:30 Feudal Age
17:56 Town Watch
18:57 Double-Bit Axe
21:21 Castle Age
19:45 Fletching
20:48 Scale Mail Armor
21:00 Forging
20:45 Gold Mining
20:55 Arson
25:00 Murder Holes
26:34 Fervor
30:20 Squires
31:55 Wheelbarrow
37:19 Sanctity
39:58 Chain Mail Armor
41:18 Iron Casting
K
13:18 Feudal Age
12:01 Loom
39:58 Bloodlines
42:45 Forging
Connection lost

Rejoining the realm…

Still unreachable

The connection could not be restored.

Session expired

The server has moved on; the page needs a fresh start.